Map: Frozen Temple

Players

ThisGameSuck

  • Race: Protoss Protoss
  • League: Grandmaster

Lind - Winner!

  • Race: Protoss Protoss
  • League: Grandmaster

VOD

Have the link to the VOD?

Description

Time

  • Played on: June 30, 2016, 10:32 a.m.
  • Length: 2:12
Show
View Real Time Build Order
Export as new Build Order

ThisGameSuck Protoss 

Build Orders:  

Get SALT Encoding   

  12  0:01  Probe (Chrono Boost)  
  13  0:12  Probe (Chrono Boost)  
  14  0:17  Pylon  
  14  0:22  Probe (Chrono Boost)  
  16  0:35  Probe (Chrono Boost)  
  16  0:36  Gateway  
  16  0:46  Probe (Chrono Boost)  
  16  0:47  Assimilator  
  17  0:52  Assimilator  
  17  0:57  Probe (Chrono Boost)  
  18  1:07  Probe (Chrono Boost)  
  18  1:09  Gateway  
  19  1:31  Zealot (Chrono Boost)  
  21  1:35  Cybernetics Core  
Show
View Real Time Build Order
Export as new Build Order

Lind Protoss - Winner!

Build Orders: Cannon Rush 

Get SALT Encoding   

  12  0:00  Probe (Chrono Boost)  
  13  0:11  Probe (Chrono Boost)  
  14  0:18  Pylon  
  14  0:22  Probe (Chrono Boost)  
  15  0:36  Probe (Chrono Boost)  
  15  0:38  Forge  
  16  0:46  Probe (Chrono Boost)  
  17  1:04  Pylon  
  17  1:09  Pylon  
  17  1:10  Pylon  
  17  1:18  Probe (Chrono Boost)  
  18  1:26  Photon Cannon  
  18  1:30  Photon Cannon  
  18  1:36  Pylon  
  18  1:49  Photon Cannon  
  18  2:08  Photon Cannon x2  
Tags
 
Add a new tag
Caveats
  • Supply blocks, unpowered buildings, or Contaminate may cause inaccurate times.
  • Supply counts are checked every 10 seconds.